 Dungeon Crawl Stone Soup version 0.31.0-32-g396128a36d (webtiles) character file.

Game seed: 6119715432677396708

45 PaiMei the Grave Robber (level 3, -6/26 HPs)
             Began as a Demonspawn Necromancer on Mar 26, 2024.
             Mangled by a gnoll
             ... wielding a +0 flail
              (13 damage)
             ... on level 1 of the Dungeon.
             The game lasted 00:01:39 (1695 turns).

PaiMei the Grave Robber (Demonspawn Necromancer)    Turns: 1695, Time: 00:01:40

Health: -6/26      AC:  2    Str:  8    XL:     3   Next: 42%
Magic:  6/6        EV: 12    Int: 17    God:
Gold:   25         SH:  0    Dex: 13    Spells: 3/7 levels left

rFire   . . .        e - +2 dagger (venom)
rCold   . . .        (no shield)
rNeg    . . .        a - +0 robe
rPois   .            (no helmet)
rElec   .            (no cloak)
rCorr   .            (no gloves)
SInv    .            (no boots)
Will    .....        (no amulet)
Stlth   ++           (no ring)
HPRegen 0.24/turn    (no ring)
MPRegen 0.10/turn

%: no passive effects
@: no status effects
A: demonic touch 2
a: no special abilities


You were on level 1 of the Dungeon.
You visited 1 branch of the dungeon, and saw 2 of its levels.

You collected 25 gold pieces.

Inventory:

Hand Weapons
 e - a +2 dagger of venom (weapon)
Armour
 a - a +0 robe (worn)
Jewellery
 h - a ring of fire
 j - the amulet "Winar" {Spirit rF+ Int+4}
   (You found it on level 2 of the Dungeon)

   [amulet of guardian spirit]

   Spirit:    It causes incoming damage to be divided between your reserves of
   health and magic.
   Int+4:     It affects your intelligence (+4).
   rF+:       It protects you from fire.
Scrolls
 c - a scroll of teleportation {unknown}
 d - 3 scrolls of identify {unknown}
 f - a scroll of enchant armour {unknown}
 g - a scroll of acquirement {unknown}
 k - a scroll of immolation {unknown}
Potions
 b - a potion of magic
 i - a potion of heal wounds {unknown}


   Skills:
 + Level 1.0 Fighting
 + Level 2.3 Dodging
 - Level 2.0 Stealth
 + Level 2.5 Spellcasting
 + Level 4.7 Necromancy


You had 3 spell levels left.
You knew the following spells:

 Your Spells              Type           Power      Damage    Failure   Level
a - Necrotise             Necr           72%        1d7       2%          1
b - Vampiric Draining     Necr           18%        2d7       8%          3

Your spell library contained the following spells:

 Spells                   Type           Power      Damage    Failure   Level
 Fugue of the Fallen      Necr           18%        N/A       8%          3
 Ozocubu's Armour         Ice            2%         N/A       50%         3
 Animate Dead             Necr           18%        N/A       26%         4
 Curse of Agony           Necr           18%        N/A       58%         5
 Manifold Assault         Tloc           2%         N/A       88%         4


Dungeon Overview and Level Annotations

Branches:
Dungeon (2/15)

Altars:


Innate Abilities, Weirdness & Mutations

Your touch may inflict irresistible damage on your foes.


Message History

Aiming: Necrotise (safe; 2% risk of failure)
Press: ? - help, Shift-Dir - straight line, f/p - gnoll
Aim: a gnoll, wielding a +0 halberd (heavily wounded, chance to affect: 83%)
The gnoll writhes in agony.
The gnoll hits you from afar with a +0 halberd.
Casting: Necrotise (safe; 2% risk of failure)
Confirm with . or Enter, or press ? or * to list all spells.
Aiming: Necrotise (safe; 2% risk of failure)
Press: ? - help, Shift-Dir - straight line, f/p - gnoll
Aim: a gnoll, wielding a +0 halberd (almost dead, chance to affect: 83%)
The gnoll writhes in agony.
You kill the gnoll!
The dead are walking!
Your Fighting skill increases to level 1!
You climb upwards.
Your mindless puppet stays behind to rot.
There is a stone staircase leading down here.
You start resting.
HP restored.
You start resting.
Magic restored.
You start waiting.
Done waiting.
You climb downwards.
The gnoll barely misses you. The gnoll hits you with a +0 club!
There is a stone staircase leading up, spattered with blood here.
The gnoll hits you with a +0 club! The gnoll barely misses you.
You climb upwards.
There is a stone staircase leading down here.
Casting: Necrotise (safe; 2% risk of failure)
Confirm with . or Enter, or press ? or * to list all spells.
Okay, then.
Casting: Vampiric Draining (quite dangerous; 8% risk of failure)
Confirm with . or Enter, or press ? or * to list all spells.
Okay, then.
The gnoll hits you with a +0 flail.
* * * LOW HITPOINT WARNING * * *
The gnoll hits you with a +0 flail!
Ouch! That really hurt!
You die...

#.# #.#..#####.# #.# #
#####.# #......#...####.# #
......#
###.##.#........#####
#####.# #.##....#####.#....
#.# #.###.#.# ##...### #.#
#.###.#.####[....## #.#
#.................. #.#
######g.........#.....## ##
#.#
#....g.@.....##.##...### .#
#.####.########.####.###..#
# .# #......# #.# #.# #..#
# .# ######## #.# #.#
#..### .# ####.# #.###.....
.# ####....# #......... .#
#.....##########.#### .#
#.##..#..........## #
.#######
#.##..#.#######...###


You could see 2 gnolls.

Vanquished Creatures
  A gnoll (D:2)
  3 dart slugs
  3 endoplasms
  A giant cockroach (D:2)
  4 hobgoblins
  A quokka (D:1)
  3 bats
  4 frilled lizards
  2 goblins
  4 kobolds
  4 rats
30 creatures vanquished.

Vanquished Creatures (collateral kills)
  A hobgoblin (D:1)
1 creature vanquished.

Grand Total: 31 creatures vanquished

Notes
Turn   | Place    | Note
-------+----------+-------------------------------------------
     0 | D:1      | PaiMei the Demonspawn Necromancer began the quest for the
                  | Orb.
     0 | D:1      | Reached XP level 1. HP: 13/13 MP: 3/3
   255 | D:1      | Gained mutation: Your touch may inflict minor irresistible
                  | damage on your foes. [demonic ancestry]
   255 | D:1      | Reached XP level 2. HP: 19/19 MP: 3/5
  1004 | D:2      | Identified the amulet "Winar" {Spirit rF+ Int+4}
  1080 | D:2      | Gained mutation: Your touch may inflict irresistible damage
                  | on your foes. [demonic ancestry]
  1080 | D:2      | Reached XP level 3. HP: 25/25 MP: 3/6
  1084 | D:2      | Learned a level 3 spell: Vampiric Draining
  1557 | D:2      | Reached skill level 1 in Fighting
  1695 | D:1      | Mangled by a gnoll

Illustrated notes

Levels and vault maps discovered:
D:1:      dpeg_arrival_tiny_f, layout_loops_ring, serial_glass, glass_columns_a,
          glass_columns_a
D:2:      layout_loops_corners, basic_altar, minmay_gold_behind_fungi,
          corner_web_ring

Skill      XL: |  1  2  3 |
---------------+----------+-----
Dodging        | 2 |  2.3
Stealth        | 2 |  2.0
Fighting       | 1 |  1.0
Spellcasting   | |  2.5
Necromancy     | |  4.7

Action                     || total
---------------------------++-------
  Melee: Dagger            ||    11
         Touch             ||     2
   Cast: Necrotise         ||    47
 Armour: Robe              ||    13
  Dodge: Dodged            ||     9
